 Dungeon Crawl Stone Soup version 0.28-a0-1555-g9ae15a6949 (webtiles) character file.

Game seed: 14496812897890659503

172 hashsling the Grave Robber (level 5, -2/28 HPs)
             Began as a Deep Elf Necromancer on Jan 18, 2022.
             Killed by divine providence
             ... invoked by an orc priest
              (12 damage)
             ... on level 3 of the Dungeon.
             The game lasted 00:08:18 (3153 turns).

hashsling the Grave Robber (Deep Elf Necromancer)   Turns: 3153, Time: 00:08:19

Health: -2/28      AC:  2    Str:  5    XL:     5   Next: 27%
Magic:  8/13       EV: 13    Int: 22    God:
Gold:   57         SH:  0    Dex: 15    Spells: 7/12 levels left

rFire   . . .      SeeInvis .   a - +0 quarterstaff
rCold   . . .      Faith    .   (shield currently unavailable)
rNeg    . . .      Spirit   .   c - +0 robe
rPois   .          Reflect  .   (no helmet)
rElec   .          Harm     .   (no cloak)
rCorr   .          Rampage  .   (no gloves)
Will    .....                   (no boots)
Stlth   ++........              (no amulet)
HPRegen 0.09/turn               (no ring)
MPRegen 0.13/turn               (no ring)

@: no status effects
A: no striking features
a: no special abilities


You were on level 3 of the Dungeon.
You visited 1 branch of the dungeon, and saw 3 of its levels.

You collected 57 gold pieces.

Inventory:

Hand Weapons
 a - a +0 quarterstaff (weapon)
 b - a +0 mace of venom
 j - a +2 vorpal spear
Missiles
 i - 6 javelins
 l - 2 poisoned darts
Armour
 c - a +0 robe (worn)
Wands
 m - a wand of mindburst (4)
Scrolls
 d - a scroll of magic mapping {unknown}
 g - a scroll of holy word {unknown}
 h - 2 scrolls of identify {unknown}
Potions
 e - a potion of degeneration {unknown}
 f - 4 potions of curing {unknown}
 k - a potion of might {unknown}


   Skills:
 + Level 1.8 Staves
 + Level 3.9 Dodging
 - Level 3.0 Stealth
 + Level 4.4 Spellcasting
 + Level 5.8 Necromancy


You had 7 spell levels left.
You knew the following spells:

 Your Spells              Type           Power      Damage    Failure   Level
a - Pain                  Necr           100%       1d9       1%          1
b - Animate Skeleton      Necr           60%        N/A       1%          1
c - Vampiric Draining     Necr           30%        2d8       3%          3

Your spell library contained the following spells:

 Spells                   Type           Power      Damage    Failure   Level
 Animate Dead             Necr           15%        N/A       10%         4
 Foxfire                  Conj/Fire      16%        2x1d4     11%         1
 Static Discharge         Conj/Air       4%         N/A       16%         2
 Agony                    Necr           30%        N/A       26%         5
 Conjure Flame            Conj/Fire      4%         6-21      32%         3
 Inner Flame              Hex/Fire       4%         N/A       32%         3
 Flame Wave               Conj/Fire      4%         2d4       71%         4
 Lightning Bolt           Conj/Air       2%         1d13      96%         5
 Borgnjor's Revivificati  Necr           15%        N/A       100%        8
 Maxwell's Capacitive Co  Air            2%         ∞         100%        8
 Necromutation            Tmut/Necr      8%         N/A       100%        8
 Death's Door             Necr           15%        N/A       100%        9


Dungeon Overview and Level Annotations

Branches:
Dungeon (3/15)

Altars:


Message History

The orc writhes in agony.
You kill the orc!
The orc priest mumbles some strange prayers to Beogh against you.
Beogh smites you!
Ouch! That really hurt!
Aiming: Mindburst
Press: ? - help, Shift-Dir - straight line, f - orc priest
Aim: an orc priest, wielding a +0 falchion (chance to affect: 64%)
The orc priest's mind is blasted!!
You blow up the orc priest!
You hear a shout!
An orc wizard comes into view. It is wielding a +0 dagger.
You have reached level 5!
Aiming: Mindburst
Press: ? - help, Shift-Dir - straight line, f - orc wizard
Aim: an orc wizard, wielding a +0 dagger and wearing a +0 robe (wandering, hasn't noticed you, chance to affect: 64%)
The orc wizard's mind is blasted!!
You blow up the orc wizard!
You hear a shout!
An orc comes into view. It is wielding a +0 short sword.
The orc shouts!
You hear a shout! x2
An orc comes into view. It is wielding a +0 dagger.
Casting: Pain (safe; 1% risk of failure)
Confirm with . or Enter, or press ? or * to list all spells.
Okay, then.
You are too injured to fight recklessly!
An orc comes into view. It is wielding a +0 flail.
You are too injured to fight recklessly!
Aiming: Pain (safe; 1% risk of failure)
Press: ? - help, Q - select action, (/) - cycle Shift-Dir - straight line, f - orc
Aim: an orc, wielding a +0 short sword and wearing a +0 leather armour (chance to affect: 93%)
The orc barely resists.
An orc priest comes into view. It is wielding a +0 flail.
Aiming: Pain (safe; 1% risk of failure)
Press: ? - help, Q - select action, (/) - cycle Shift-Dir - straight line, f/p - orc
Aim: an orc, wielding a +0 short sword and wearing a +0 leather armour (chance to affect: 93%)
The orc writhes in agony.
The orc priest mumbles some strange prayers to Beogh against you.
Beogh smites you!
You die...

#.# #.##.#
..#####.###.##.#
............##.#
#.#####.######.#
####........#
#....########
#.##.# #.##.#
#@##.# #o##.#
#)##.# #o##.#
#.##.# #o# #)#
#o#


You could see an orc priest and 3 orcs.

Vanquished Creatures
  A howler monkey (D:3)
  An orc priest (D:3)
  An orc wizard (D:3)
  An adder (D:2)
  A worm (D:2)
  A dart slug (D:1)
  2 orcs (D:3)
  4 bats
  5 endoplasms
  A giant cockroach (D:2)
  8 goblins
  7 hobgoblins
  7 jackals
  4 kobolds
  2 quokkas (D:1)
  7 ball pythons
  4 frilled lizards
  2 rats
59 creatures vanquished.

Notes
Turn   | Place    | Note
-------+----------+-------------------------------------------
     0 | D:1      | hashsling the Deep Elf Necromancer began the quest for the
                  | Orb.
     0 | D:1      | Reached XP level 1. HP: 10/10 MP: 6/6
   425 | D:1      | Reached skill level 5 in Necromancy
   425 | D:1      | Reached XP level 2. HP: 13/15 MP: 6/8
   429 | D:1      | Learned a level 1 spell: Animate Skeleton
  1221 | D:1      | Reached XP level 3. HP: 17/19 MP: 7/10
  1225 | D:1      | Learned a level 3 spell: Vampiric Draining
  2677 | D:3      | Reached skill level 1 in Staves
  2682 | D:3      | Reached XP level 4. HP: 14/24 MP: 4/11
  3146 | D:3      | Reached XP level 5. HP: 11/28 MP: 9/13
  3153 | D:3      | Killed from afar by an orc priest

Illustrated notes

Levels and vault maps discovered:
D:1:      saegor_arrival_simple_e, layout_loops_ring, minivault_24,
          minmay_misc_feat_chi
D:2:      layout_loops_cross
D:3:      layout_loops_ring, shapermc_ecumenical_altar_pompeii,
          gammafunk_ghost_stat_death

Skill      XL: |  1  2  3  4 |
---------------+-------------+-----
Necromancy     | 5 |  5.8
Stealth        | 3 |  3.0
Dodging        | 3 |  3.9
Staves         | 1 |  1.8
Spellcasting   | 4 |  4.4

Action                   |  1- 3 |  4- 6 || total
-------------------------+-------+-------++-------
Melee: Short sword       |     1 |       ||     1
       Quarterstaff      |    18 |     8 ||    26
 Cast: Pain              |    89 |    18 ||   107
       Vampiric Draining |     1 |       ||     1
Evoke: Wand              |       |     2 ||     2
Armor: Robe              |     5 |     6 ||    11
Dodge: Dodged            |    37 |    10 ||    47

Table legend: (Time is in decaauts)
 A = Elapsed time spent in this place.
 B = Non-inter-level travel time spent in this place.
 C = Inter-level travel time spent in this place.
 D = Time resting spent in this place.
 E = Time spent auto-exploring this place.
 F = Levels seen in this place.
 G = Mean time per level.
                   A        B        C        D        E       F      G
               +--------+--------+--------+--------+--------+-----+--------+
         Total |   3159 |   3135 |     24 |    239 |   2557 |   3 | 1053.0 |
       Dungeon |   3159 |   3135 |     24 |    239 |   2557 |   3 | 1053.0 |
               +--------+--------+--------+--------+--------+-----+--------+

Top non-repeatable levels by time:
     D:1: 1602 daAuts
     D:2: 1259 daAuts
     D:3: 297 daAuts
